Map: Dusk Towers

Players

FigHteR

  • Race: Terran Terran
  • League: Platinum

A.I. 1 (Hard) - Winner!

  • Race: Zerg Zerg

VOD

Have the link to the VOD?

Description

Time

  • Played on: Nov. 15, 2015, 8:33 a.m.
  • Length: 2:45
Show
View Real Time Build Order
Export as new Build Order

FigHteR Terran 

Build Orders:  

Get SALT Encoding   

  12  0:00  SCV  
  13  0:13  Supply Depot  
  13  0:21  Refinery  
  13  0:37  Barracks  
  13  0:38  SCV  
  14  0:50  SCV  
  15  1:02  SCV  
  16  1:14  SCV  
  17  1:24  Factory  
  17  1:28  Orbital Command  
  17  1:42  Barracks Reactor  
  17  1:49  Supply Depot  
  17  1:54  SCV  
  18  2:06  SCV  
  19  2:22  Hellion x2  
  23  2:25  SCV  
  23  2:29  Command Center  
Show
View Real Time Build Order
Export as new Build Order

A.I. 1 (Hard) Zerg - Winner!

Build Orders: Pool Only 

Get SALT Encoding   

  12  0:01  Drone  
  13  0:12  Overlord  
  13  0:17  Drone  
  14  0:30  Drone  
  14  0:31  Drone  
  16  0:43  Spawning Pool  
  16  0:45  Drone  
  16  0:49  Drone  
  17  0:52  Extractor  
  17  0:55  Drone  
  17  1:05  Overlord  
  17  1:30  Queen  
  17  1:31  Zergling x2  
  20  1:33  Zergling x2  
  20  1:38  Roach Warren, Drone  
  21  1:49  Drone  
  22  1:59  Overlord  
  22  2:10  Drone  
  23  2:21  Roach  
  25  2:30  Extractor  
  25  2:31  Drone  
  25  2:36  Baneling Nest  
Tags
 
Add a new tag
Caveats
  • Supply blocks, unpowered buildings, or Contaminate may cause inaccurate times.
  • Supply counts are checked every 10 seconds.